 Dungeon Sprint DCSS version 0.19.0-18-g426998a (webtiles) character file.

1255 poirepourri the Devastator (level 8, -24/43 HPs)
             Began as a Deep Elf Conjurer on Nov 11, 2016.
             Was a Believer of Vehumet.
             Killed from afar by Josephine (26 damage)
             ... with a ghostly fireball
             ... in the Dungeon (Sprint III: "The Ten Rune Challenge").
             The game lasted 00:03:25 (1278 turns).

poirepourri the Devastator (Deep Elf Conjurer)      Turns: 1278, Time: 00:03:25

Health: -24/43     AC:  2    Str:  5    XL:     8   Next: 26%
Magic:  10/25      EV: 15    Int: 23    God:    Vehumet [**....]
Gold:   49         SH:  0    Dex: 15    Spells: 6 memorised, 11 levels left

rFire  . . .     SeeInvis .     (no weapon)
rCold  . . .     Gourm    .     a - +0 robe
rNeg   . . .     Faith    .     (no shield)
rPois  .         Spirit   .     (no helmet)
rElec  .         Reflect  .     (no cloak)
rCorr  .         Harm     .     (no gloves)
MR     +....     NoTele   +     (no boots)
Stlth  +++.......               (no amulet)
                                (no ring)
                                (no ring)

@: heavily drained
A: talons 1, magic resistance 1, subdued magic 1
a: Renounce Religion


You were in the Dungeon.
You worshipped Vehumet.
Vehumet was pleased with you.
You were not hungry.

You visited 1 branch You collected 49 gold pieces.

Inventory:

Armour
 a - a +0 robe (worn)
Scrolls
 i - a scroll of blinking
 n - 3 scrolls of remove curse
Potions
 d - a potion of curing
 e - a potion of heal wounds
 f - a potion of haste
 g - a potion of magic
 h - a potion of mutation
 j - 2 potions of brilliance
 p - a potion of lignification
 q - 2 potions of berserk rage
Books
 b - a book of Conjurations

   Spells                             Type                      Level
   a - Magic Dart                     Conjuration                  1
   b - Searing Ray                    Conjuration                  2
   c - Dazzling Spray                 Conjuration/Hexes            3
   d - Fulminant Prism                Conjuration/Hexes            4
   e - Iskenderun's Mystic Blast      Conjuration                  4
   f - Iskenderun's Battlesphere      Conjuration/Charms           5
 k - a book of Cantrips

   Spells                             Type                      Level
   a - Confusing Touch                Hexes                        1
   b - Animate Skeleton               Necromancy                   1
   c - Summon Small Mammal            Summoning                    1
   d - Apportation                    Translocation                1
Comestibles
 c - a bread ration
 o - 2 royal jellies


   Skills:
 + Level 1.4(0.2) Fighting
 + Level 6.2(4.9) Dodging
 + Level 6.8(5.5) Stealth
 - Level 0.5(0.0) Unarmed Combat
 + Level 11.7(10.2) Spellcasting
 + Level 15.2(13.6) Conjurations
 + Level 2.2(1.0) Charms


You had 11 spell levels left.
You knew the following spells:

 Your Spells              Type           Power        Failure   Level  Hunger
a - Magic Dart            Conj           ####         0%          1    None
b - Searing Ray           Conj           ######       0%          2    None
c - Dazzling Spray        Conj/Hex       ####..       1%          3    None
d - Fulminant Prism       Conj/Hex       ####......   3%          4    #......
e - Iskenderun's Mystic   Conj           ######..     1%          4    #......
f - Iskenderun's Battles  Conj/Chrm      #####...     8%          5    ####...


Dungeon Overview and Level Annotations

Branches:
Dungeon (1/1)

Altars:
Cheibriados
Dithmenos
Elyvilon
Fedhas
Gozag
Hepliaklqana
Kikubaaqudgha
Makhleb
Nemelex Xobeh
Okawaru
Qazlal
Ru
Sif Muna
Trog
Uskayaw
Vehumet
Xom
Yredelemnul
Zin
The Shining One
Beogh
Jiyva
Lugonu

Annotations:
D Josephine


Innate Abilities, Weirdness & Mutations

You have sharp toenails.
You are resistant to hostile enchantments. (MR+)
Your spells are a little easier to cast, but a little less powerful.


Message History

Ouch! That really hurt!
* * * LOW HITPOINT WARNING * * *
Casting: Magic Dart
Confirm with . or Enter, or press ? or * to list all spells.
Aiming: Magic Dart
Press: ? - help, Shift-Dir - straight line, f/p - Josephine
Aim: Josephine, wielding a dagger and wearing a robe (black smoke, severely wounded, blind)
The magic dart hits Josephine.
Josephine is almost dead.
Casting: Magic Dart
Confirm with . or Enter, or press ? or * to list all spells.
Aiming: Searing Ray
Press: ? - help, Shift-Dir - straight line, f/p - Josephine
Aim: Josephine, wielding a dagger and wearing a robe (almost dead, blind)
The searing ray hits Josephine.
Josephine is almost dead.
Josephine points at you and mumbles some strange words.
The ghostly flame explodes!
The ghostly fireball engulfs you!
You feel drained.
Ouch! That really hurt!
You die...

##.############
#..#___#__[#__#
#..#...#__)#._#
#..###'#'###÷##
#..#..).......#
...'.⌠........#
...#...######'#
...#.⌠.#__#...#+#####
...#...#__#...#.@@§§+
...#)###__#...#.#≈≈≈#
...#...#__#...'.#§§§#
...#___#__'...#.#§§§#
▓▓▓▓▓▓▓▓▓▓▓▓▓▓▓▓▓▓▓▓▓


You could see Josephine (blind).

Vanquished Creatures
  A deep elf mage (D)
  A shadow (D)
  A spatial vortex (D)
  A necrophage (D)
  A water elemental (D)
  A jelly (D)
  A wizard (D)
  Jessica (D)
  A necromancer (D)
  A kobold demonologist (D)
  3 humans (D)
  An ooze (D)
  A phantom (D)
  2 rats (D)
17 creatures vanquished.

Vanquished Creatures (others)
  2 draconian scorchers (D)
  6 hellions (D)
  2 yaktaurs (D)
  3 fulminant prisms (D)
13 creatures vanquished.

Grand Total: 30 creatures vanquished

Notes
Turn   | Place    | Note
-------+----------+-------------------------------------------
     0 | D        | poirepourri the Deep Elf Conjurer began the quest for the Orb.
     0 | D        | Reached XP level 1. HP: 10/10 MP: 6/6
    12 | D        | Reached skill level 5 in Conjurations
    76 | D        | Killed a hellion
    77 | D        | Killed a hellion
    78 | D        | Killed a hellion
    78 | D        | Killed a hellion
   108 | D        | Noticed Jessica
   112 | D        | Killed Jessica
   112 | D        | Reached skill level 7 in Conjurations
   112 | D        | Reached XP level 2. HP: 15/15 MP: 3/9
   112 | D        | Reached XP level 3. HP: 19/19 MP: 3/10
   137 | D        | Killed a hellion
   162 | D        | Killed a hellion
   193 | D        | Killed a yaktaur
   198 | D        | Reached skill level 8 in Conjurations
   229 | D        | Killed a white draconian scorcher
   280 | D        | Killed a white draconian scorcher
   351 | D        | Learned a level 2 spell: Searing Ray
   355 | D        | Learned a level 3 spell: Dazzling Spray
   455 | D        | Noticed a water elemental
   461 | D        | Killed a water elemental
   461 | D        | Reached skill level 5 in Spellcasting
   461 | D        | Reached skill level 9 in Conjurations
   461 | D        | Reached XP level 4. HP: 3/24 MP: 1/13
   600 | D        | Learned a level 4 spell: Fulminant Prism
   605 | D        | Learned a level 4 spell: Iskenderun's Mystic Blast
   726 | D        | Found a radiant altar of Vehumet.
   726 | D        | Found a deep blue altar of Sif Muna.
   726 | D        | Found an ancient bone altar of Kikubaaqudgha.
   726 | D        | Noticed a wizard
   728 | D        | Killed a wizard
   728 | D        | Reached skill level 10 in Conjurations
   728 | D        | Reached XP level 5. HP: 28/28 MP: 5/15
   731 | D        | Gained mutation: You have sharp toenails. [potion of mutation]
   731 | D        | Gained mutation: Your spells are a little easier to cast, but a little less powerful. [potion of mutation]
   731 | D        | Gained mutation: You are resistant to hostile enchantments. (MR+) [potion of mutation]
   804 | D        | Became a worshipper of Vehumet
   815 | D        | Found a hide-covered altar of Uskayaw.
   815 | D        | Found a roughly hewn altar of Beogh.
   815 | D        | Found an iron altar of Okawaru.
   815 | D        | Found a bloodstained altar of Trog.
   815 | D        | Noticed a human
   815 | D        | Noticed a human
   821 | D        | Killed a human
   821 | D        | Reached skill level 5 in Stealth
   821 | D        | Reached skill level 11 in Conjurations
   821 | D        | Reached XP level 6. HP: 33/33 MP: 0/19
   832 | D        | Killed a human
   832 | D        | Reached skill level 1 in Fighting
   832 | D        | Reached skill level 5 in Dodging
   832 | D        | Reached skill level 12 in Conjurations
   945 | D        | Found a basalt altar of Yredelemnul.
   945 | D        | Found a shadowy altar of Dithmenos.
   945 | D        | Found a sacrificial altar of Ru.
   946 | D        | Reached * piety under Vehumet
   946 | D        | Offered knowledge of Shock by Vehumet.
   946 | D        | Reached skill level 13 in Conjurations
   948 | D        | Reached XP level 7. HP: 30/38 MP: 7/22
   965 | D        | Killed a yaktaur
  1013 | D        | Learned a level 5 spell: Iskenderun's Battlesphere
  1031 | D        | Found a glowing silver altar of Zin.
  1031 | D        | Found a glowing golden altar of the Shining One.
  1031 | D        | Found a white marble altar of Elyvilon.
  1037 | D        | Noticed a deep elf mage
  1040 | D        | Killed a deep elf mage
  1040 | D        | Reached skill level 10 in Spellcasting
  1040 | D        | Reached skill level 14 in Conjurations
  1040 | D        | Reached skill level 1 in Charms
  1127 | D        | Offered knowledge of Sandblast by Vehumet.
  1127 | D        | Reached ** piety under Vehumet
  1139 | D        | Noticed a shadow
  1140 | D        | Killed a shadow
  1140 | D        | Reached skill level 15 in Conjurations
  1140 | D        | Reached XP level 8. HP: 43/43 MP: 20/25
  1167 | D        | Found a blossoming altar of Fedhas.
  1167 | D        | Found a stormy altar of Qazlal.
  1167 | D        | Found a snail-covered altar of Cheibriados.
  1167 | D        | Found a burning altar of Makhleb.
  1167 | D        | Found a shimmering altar of Xom.
  1168 | D        | Found a hazy altar of Hepliaklqana.
  1168 | D        | Found an opulent altar of Gozag.
  1168 | D        | Found a sparkling altar of Nemelex Xobeh.
  1168 | D        | Found a corrupted altar of Lugonu.
  1168 | D        | Found a viscous altar of Jiyva.
  1246 | D        | Noticed Josephine
  1276 | D        | HP: 2/43 [Josephine/ghostly fireball (32)]
  1278 | D        | Killed from afar by Josephine

Skill      XL: |  1  2  3  4  5  6  7 |
---------------+----------------------+-----
Conjurations   | 7 9 10 11 13 15 | 15.2
Dodging        | 3 4 5 6 |  6.2
Spellcasting   | 4 5 6 8 9 11 | 11.7
Stealth        | 3 5 6 |  6.8
Fighting       | 1 |  1.4
Charms         | 2 |  2.2
Unarmed Combat | |  0.5

Action                   |  1- 3 |  4- 6 |  7- 9 || total
-------------------------+-------+-------+-------++-------
Melee: Unarmed           |    15 |       |       ||    15
 Cast: Magic Dart        |    20 |     4 |     9 ||    33
       Searing Ray       |     2 |     1 |     1 ||     4
       Iskenderun's Myst |       |     8 |     7 ||    15
       Fulminant Prism   |       |       |     3 ||     3
       Iskenderun's Batt |       |       |     1 ||     1
       Dazzling Spray    |       |       |     3 ||     3
  Use: Scroll            |     5 |       |       ||     5
       Potion            |     2 |     4 |       ||     6
  Eat: Meat ration       |       |     1 |       ||     1
Armor: Robe              |     2 |       |       ||     2
Dodge: Dodged            |    13 |     1 |     1 ||    15
